AoeStats
← Esrik

Arena

510263052Analyzed
1v1 RM · 1d ago on Sep 30, 2026· 54m 35s· 2 players
Game mode
Random Map
Map size
Tiny (2 player)
Population
200
Speed
Normal
Resources
Standard
Victory
Conquest
Starting age
Dark Age
Ending age
Imperial Age
RankedLock teamsTeams togetherTeam positionsShared explorationLock speedFull tech treeHidden civsTurbo modeCheats
Victory
Defeat
🇺🇸 Celts · United States
1336
+15
🇹🇷 Lithuanians · Türkiye
1308
-15
Esrik
10:04 Feudal Age
12:22 Double-Bit Axe
15:16 Castle Age
12:59 Horse Collar
13:27 Gold Mining
14:40 Bloodlines
15:22 Scale Barding Armor
15:27 Light Cavalry
23:03 Wheelbarrow
24:27 Bow Saw
25:03 Heavy Plow
27:46 Hand Cart
29:46 Stone Mining
30:30 Chain Barding Armor
30:20 Forging
34:26 Imperial Age
32:28 Padded Archer Armor
33:04 Iron Casting
33:33 Leather Archer Armor
33:26 Husbandry
35:14 Thumb Ring
36:42 Chemistry
35:17 Winged Hussar
36:47 Plate Barding Armor
36:44 Ring Archer Armor
36:05 Fletching
37:03 Crop Rotation
43:26 Bodkin Arrow
43:00 Cavalier
46:02 Ballistics
46:44 Devotion
47:06 Paladin
Tako龍
11:16 Feudal Age
15:31 Castle Age
13:29 Double-Bit Axe
13:56 Horse Collar
15:41 Light Cavalry
24:12 Pikeman
26:54 Wheelbarrow
27:03 Wheelbarrow
30:16 Scale Mail Armor
30:29 Forging
33:08 Imperial Age
31:09 Bow Saw
31:00 Heavy Plow
30:51 Gold Mining
31:46 Loom
33:40 Chain Mail Armor
34:52 Plate Mail Armor
34:44 Halberdier
35:11 Heavy Scorpion
37:39 Iron Casting
38:51 Chemistry
38:11 Ballistics
38:41 Hand Cart
43:15 Blast Furnace
42:17 Padded Archer Armor
42:07 Fletching
43:05 Gold Shaft Mining
43:53 Town Watch
44:32 Conscription
45:32 Town Patrol
46:36 Furor Celtica
46:36 Bodkin Arrow
46:57 Leather Archer Armor
52:49 Siege Engineers
53:46 Hoardings
53:18 Arson
54:23 Elite Woad Raider
Connection lost

Rejoining the realm…

Still unreachable

The connection could not be restored.

Session expired

The server has moved on; the page needs a fresh start.